 Dungeon Crawl Stone Soup version 0.16.2-12-gd0ad4c3 (webtiles) character file.

520 Nekromantik the Skirmisher (level 7, 0/55 HPs)
             Began as a Demonspawn Abyssal Knight on Sept 14, 2015.
             Was an Elder of Lugonu.
             Slain by Wabnappa's ghost (3 damage)
             ... on level 5 of the Dungeon.
             The game lasted 00:40:48 (4968 turns).

Nekromantik the Skirmisher (DsAK)                   Turns: 4968, Time: 00:40:48

Health: 0/55       AC: 12    Str: 14    XL:     7   Next: 1%
Magic:  18/18      EV: 10    Int: 13    God:    Lugonu [****..]
Gold:   138        SH:  0    Dex: 13    Spells: 0 memorised, 6 levels left

rFire  . . .     SeeInvis .     k - +7 dagger of Drought {pierce, Noisy +Inv rN+ MP+9}
rCold  + . .     Clarity  .     o - +3 scale mail {rPois}
rNeg   + . .     SustAb   +     (no shield)
rPois  +         Gourm    .     (helmet restricted)
rElec  .         Spirit   .     (no cloak)
rCorr  .         Warding  .     n - +1 pair of gloves
rMut   .         Stasis   .     (no boots)
MR     +....                    (no amulet)
Stlth  ..........               l - ring of protection from magic
                                q - ring of sustain abilities

@: somewhat resistant to hostile enchantments, extremely unstealthy
A: horns 2, cold resistance 1, spiny 2
a: Depart the Abyss, Bend Space, Banish, Corrupt, Renounce Religion, Evoke
Invisibility


You were on level 5 of the Dungeon.
You worshipped Lugonu.
Lugonu was greatly pleased with you.
You were not hungry.

You visited 1 branch of the dungeon, and saw 5 of its levels.
You visited the Abyss 1 time.

You collected 138 gold pieces.

Inventory:

Hand weapons
 k - the +7 dagger of Drought (weapon) {pierce, Noisy +Inv rN+ MP+9}
   (You found it on level 4 of the Dungeon)

   It inflicts extra damage upon your enemies.
   It protects you from negative energy.
   It affects your magic capacity (+9).
   It lets you turn invisible.
   It may make noises in combat.
 m - a +4 flail of crushing
Missiles
 h - 14 arrows of dispersal (quivered)
Armour
 n - a +1 pair of gloves (worn)
 o - a +3 scale mail of poison resistance (worn)
Jewellery
 g - an uncursed ring of protection from fire
 j - an uncursed ring of protection from cold
 l - a ring of protection from magic (right hand)
 q - a ring of sustain abilities (left hand)
Magical devices
 e - a wand of flame (11)
Scrolls
 d - 5 scrolls of amnesia
 p - a scroll of remove curse
Potions
 a - a potion of curing
Comestibles
 b - a meat ration
 c - 2 bread rations


   Skills:
 + Level 4.7 Fighting
 + Level 3.1 Short Blades
 + Level 4.0 Armour
 + Level 2.9 Dodging
 + Level 1.0 Stealth
 + Level 2.5 Invocations
 + Level 1.4 Evocations


You had 6 spell levels left.
You didn't know any spells.

Dungeon Overview and Level Annotations

Branches:
Dungeon (5/15)
 Temple: D:4-7

Altars:
Okawaru

Annotations:
D:5 Sigmund; Wabnappa's ghost, average DsGl


Innate Abilities, Weirdness & Mutations

You have a pair of horns on your head.
Your flesh is cold resistant.
You are mostly covered in sharp spines.


Message History

The gnoll hits you but does no damage.
Your surroundings suddenly seem different.
Wabnappa's ghost (average Demonspawn Gladiator) comes into view.
That item cannot be evoked!
You hit Wabnappa's ghost but do no damage.
Wabnappa's ghost hits you but does no damage.
You miss Wabnappa's ghost.
Your dagger of Drought yells in some weird language.
Your headbutt misses Wabnappa's ghost.
You hear a shout! x2
Wabnappa's ghost hits you!
* * * LOW HITPOINT WARNING * * *
You hit Wabnappa's ghost but do no damage.
Your headbutt misses Wabnappa's ghost. Wabnappa's ghost hits you!
* * * LOW HITPOINT WARNING * * *
You miss Wabnappa's ghost.
You headbutt Wabnappa's ghost, but do no damage.
You hit Wabnappa's ghost but do no damage.
Wabnappa's ghost hits you.
You die...

##############
#######............#+###
#...?.W@...........#....
#..................#....
#.!(......).......gog.?.
#..................#....
########.....)............#.g..
.........####)#.......###+##....
#.........#....####+#### #....
#.........#.....# #....
#....>....#.....# #....


You could see Wabnappa's ghost.

Vanquished Creatures
  A phantom (D:4)
  An ogre (D:3)
  A gnoll shaman (D:5)
  A worker ant (D:4)
  Ijyb (D:4)
  Jessica (D:3)
  A hound skeleton (D:4)
  4 gnolls (D:5)
  9 adders
  2 giant mites (D:3)
  2 worms
  2 giant geckos (D:3)
  An ooze (D:3)
  23 orcs
  2 ball pythons
  8 bats
  2 giant cockroaches
  10 goblins
  10 hobgoblins
  3 jackals (D:2)
  7 kobolds
  A quokka (D:2)
  A giant gecko skeleton (D:4)
  2 giant newts
  A jackal skeleton (D:4)
  A quokka skeleton (D:4)
  6 rats
104 creatures vanquished.

Notes
Turn   | Place    | Note
--------------------------------------------------------------
     0 | Abyss:1  | Nekromantik, the Demonspawn Abyssal Knight, began the quest for the Orb.
     0 | Abyss:1  | Reached XP level 1. HP: 18/18 MP: 1/1
    30 | D:1      | Escaped the Abyss
   376 | D:1      | Gained mutation: You have a pair of small horns on your head. [demonic ancestry]
   376 | D:1      | Reached XP level 2. HP: 24/24 MP: 2/2
  1029 | D:2      | Acquired Lugonu's second power
  1323 | D:2      | Reached skill level 4 in Fighting
  1323 | D:2      | Gained mutation: Your flesh is cold resistant. [demonic ancestry]
  1323 | D:2      | Reached XP level 3. HP: 26/30 MP: 4/4
  1907 | D:2      | Gained mutation: You are partially covered in sharp spines. [demonic ancestry]
  1907 | D:2      | Reached XP level 4. HP: 23/37 MP: 5/5
  2002 | D:3      | Reached skill level 1 in Dodging
  2455 | D:3      | Noticed an ogre
  2533 | D:3      | Killed an ogre
  2533 | D:3      | Gained mutation: You are mostly covered in sharp spines. [demonic ancestry]
  2533 | D:3      | Reached XP level 5. HP: 18/43 MP: 6/6
  2821 | D:3      | Acquired Lugonu's third power
  3363 | D:3      | Noticed Jessica
  3368 | D:3      | Acquired Lugonu's fourth power
  3372 | D:3      | Killed Jessica
  3372 | D:3      | Reached XP level 6. HP: 31/49 MP: 8/8
  3769 | D:4      | Noticed Ijyb
  3804 | D:4      | Killed Ijyb
  4218 | D:4      | Got a transparent dagger
  4219 | D:4      | Identified the +7 dagger of Drought {pierce, Noisy +Inv rN+ MP+9} (You found it on level 4 of the Dungeon)
  4385 | D:4      | Found an iron altar of Okawaru.
  4517 | D:4      | Reached skill level 1 in Stealth
  4517 | D:4      | Reached skill level 1 in Evocations
  4852 | D:5      | Entered Level 5 of the Dungeon
  4889 | D:5      | Noticed Sigmund
  4934 | D:5      | Gained mutation: You have a pair of horns on your head. [demonic ancestry]
  4934 | D:5      | Reached XP level 7. HP: 33/55 MP: 9/9
  4962 | D:5      | Noticed Wabnappa's ghost (average DsGl)
  4968 | D:5      | Slain by Wabnappa's ghost

Action                   |  1- 3 |  4- 6 |  7- 9 || total
-------------------------+-------+-------+-------++-------
Melee: Short sword       |   131 |   196 |       ||   327
       Dagger            |       |    48 |     5 ||    53
Evoke: Wand              |       |    14 |       ||    14
  Use: Potion            |     4 |     6 |     1 ||    11
       Scroll            |     3 |    12 |     1 ||    16
  Eat: Bread ration      |     1 |     1 |       ||     2
       Meat ration       |       |     1 |       ||     1
